 Dungeon Crawl Stone Soup version 0.25-a0-632-g7713895373 (webtiles) character file.

Game seed: 4197474632406960932, levelgen mode: deterministic

1023 An17 the Ruffian (level 8, -1/74 HPs)
             Began as a White Draconian Transmuter on Mar 19, 2020.
             Was a Follower of Okawaru.
             Killed by nerve-wracking pain
             ... invoked by Grinder
              (8 damage)
             ... on level 6 of the Dungeon.
             The game lasted 00:16:20 (3677 turns).

An17 the Ruffian (White Draconian Transmuter)       Turns: 3677, Time: 00:16:20

Health: -1/74      AC:  5    Str: 13    XL:     8   Next: 2%
Magic:  9/13       EV: 14    Int: 16    God:    Okawaru [*.....]
Gold:   310        SH:  0    Dex: 11    Spells: 4/14 levels left

rFire    x . .     SeeInvis .     - Unarmed
rCold    + + +     Gourm    .   (shield currently unavailable)
rNeg     . . .     Faith    .   (armour unavailable)
rPois    +         Spirit   .   (helmet currently unavailable)
rElec    .         Reflect  .   (cloak currently unavailable)
rCorr    +         Harm     .   (gloves currently unavailable)
MR       .....                  (boots currently unavailable)
Stlth    +++.......             (no amulet)
HPRegen  0.22/turn              o - ring of protection from cold
MPRegen  0.13/turn              s - ring of resist corrosion

@: ice-form, heroism
A: large, (breathe frost), unfitting armour, AC +6
a: End Transformation, Heroism, Renounce Religion


You were on level 6 of the Dungeon.
You worshipped Okawaru.
Okawaru was aware of your devotion.
You were very hungry.
You were a creature of crystalline ice.
You visited 2 branches of the dungeon, and saw 7 of its levels.

You collected 310 gold pieces.

Inventory:

Missiles
 a - 161 arrows
 v - 7 boomerangs of dispersal (quivered)
Armour
 b - a +0 cloak (melded)
 e - a +1 pair of gloves (melded)
 q - a +1 hat (melded)
Jewellery
 o - a ring of protection from cold (left front paw)
 s - a ring of resist corrosion (right front paw)
Wands
 u - a wand of digging (4)
 w - a wand of random effects (16)
Scrolls
 k - a scroll of enchant armour
 n - a scroll of fog
 p - a scroll of enchant weapon
 r - 3 scrolls of teleportation
Potions
 d - 2 potions of mutation {unknown}
 f - a potion of resistance
 g - a potion of lignification {unknown}
 h - a potion of invisibility {unknown}
 i - a potion of flight {unknown}
 j - a potion of heal wounds
 l - 2 potions of berserk rage {unknown}
 m - 3 potions of brilliance
 t - a potion of curing {unknown}
Comestibles
 c - 7 rations


   Skills:
 + Level 2.8(7.8) Fighting
 + Level 3.9(8.9) Dodging
 + Level 7.0(12.0) Unarmed Combat
 + Level 3.8 Spellcasting
 + Level 3.6 Transmutations
 + Level 0.5 Ice Magic
 + Level 0.2 Poison Magic


You had 4 spell levels left.
You knew the following spells:

 Your Spells              Type           Power        Failure   Level  Hunger
a - Beastly Appendage     Tmut           ##....       3%          1    None
b - Sticks to Snakes      Tmut           ##......     6%          2    ##.....
c - Spider Form           Tmut/Pois      #.........   24%         3    ###....
d - Ice Form              Ice/Tmut       #.......     58%         4    ####...

Your spell library contained the following spells:

 Spells                   Type           Power        Failure   Level  Hunger
 Blade Hands              Tmut           ##........   71%         5    ######.


Dungeon Overview and Level Annotations

Branches:
Dungeon (6/15)             Temple (1/1) D:6

Altars:
Cheibriados
Makhleb
Okawaru
Qazlal
Trog
Wu Jian

Annotations:
D:6 Grinder, Prince Ribbit


Innate Abilities, Weirdness & Mutations

((You can breathe waves of freezing cold.))
((You can buffet flying creatures when you breathe cold.))
((Your icy white scales are hard. (AC +6)))
You cannot fit into any form of body armour.
((Your flesh is cold resistant. (rC+)))
((You are cold-blooded and may be slowed by cold attacks.))


Message History

Found a robe.
Grinder hits you but does no damage.
You hit Grinder.
Grinder is lightly wounded.
Grinder hits you.
* * * LOW HITPOINT WARNING * * *
You writhe in agony.
* * * LOW HITPOINT WARNING * * *
Prince Ribbit comes into view.
You gain the combat prowess of a mighty hero.
Grinder hits you!
* * * LOW HITPOINT WARNING * * *
You completely miss Grinder.
Grinder is lightly wounded.
Grinder hits you but does no damage.
You barely miss Grinder.
Grinder is lightly wounded.
Grinder gestures at you. Pain shoots through your body!
You die...

#.# #.#...!.. #.#
#.#...... #.#
#.#......
#.##########.#......
#............#......
#............#######
#..<.........
#..........
#.FY.......
......5........
...............
................
................
...F............
...[...#........
......#########


You could see Prince Ribbit, Grinder and a bullfrog.

Vanquished Creatures
  Sigmund (D:2)
  Duvessa (D:6)
  An orc warrior (D:6)
  An ogre (D:5)
  A centaur (D:6)
  Dowan (D:6)
  A scorpion (D:6)
  An orc priest (D:5)
  A bullfrog skeleton (D:4)
  An iguana (D:4)
  An orc wizard (D:3)
  Natasha (D:3)
  3 worker ants
  A hound zombie (D:6)
  A hound skeleton (D:6)
  A worker ant zombie (D:6)
  7 adders
  An adder skeleton (D:4)
  A worm (D:3)
  2 dart slugs
  3 leopard geckos
  9 orcs
  8 bats
  6 giant cockroaches
  9 goblins
  6 hobgoblins
  9 kobolds
  4 quokkas
  5 frilled lizards
  A leopard gecko skeleton (D:4)
  A quokka skeleton (D:4)
  10 rats
100 creatures vanquished.

Notes
Turn   | Place    | Note
-------+----------+-------------------------------------------
     0 | D:1      | An17 the Draconian Transmuter began the quest for the Orb.
     0 | D:1      | Reached XP level 1. HP: 16/16 MP: 3/3
   131 | D:1      | Reached XP level 2. HP: 7/23 MP: 1/5
   184 | D:1      | Learned a level 2 spell: Sticks to Snakes
   322 | D:1      | Reached XP level 3. HP: 14/28 MP: 6/6
   327 | D:1      | Learned a level 3 spell: Spider Form
   757 | D:2      | Noticed Sigmund
   772 | D:2      | Killed Sigmund
   772 | D:2      | Reached skill level 4 in Unarmed Combat
   772 | D:2      | Reached XP level 4. HP: 24/36 MP: 4/8
   772 | D:2      | Reached XP level 5. HP: 27/41 MP: 4/9
   785 | D:2      | Learned a level 4 spell: Ice Form
  1421 | D:3      | Found an iron altar of Okawaru.
  1447 | D:3      | Became a worshipper of Warmaster Okawaru
  1474 | D:3      | Reached XP level 6. HP: 45/48 MP: 8/10
  1521 | D:3      | Reached skill level 5 in Unarmed Combat
  1850 | D:3      | Noticed Natasha
  1859 | D:3      | Killed Natasha
  2115 | D:4      | Found a burning altar of Makhleb.
  2115 | D:4      | Noticed a balrug
  2119 | D:4      | Noticed an orange demon
  2119 | D:4      | Noticed a hellwing
  2720 | D:5      | Entered Level 5 of the Dungeon
  2925 | D:5      | Reached skill level 6 in Unarmed Combat
  2925 | D:5      | Your scales start taking on an icy white colour.
  2925 | D:5      | Reached XP level 7. HP: 55/55 MP: 4/11
  2925 | D:5      | Gained mutation: Your flesh is cold resistant. (rC+) [White
                  | Draconian growth]
  3020 | D:5      | Found an ornate altar of the Wu Jian Council.
  3066 | D:5      | Reached * piety under Okawaru
  3292 | D:6      | Noticed Duvessa
  3292 | D:6      | Noticed Dowan
  3306 | D:6      | Killed Duvessa
  3317 | D:6      | Killed Dowan
  3374 | D:6      | Identified the +5 ring mail of the Dozen Moons {Str+4 SInv}
  3456 | D:6      | Found a staircase to the Ecumenical Temple.
  3469 | D:6      | Reached XP level 8. HP: 10/62 MP: 13/13
  3478 | Temple   | Entered the Ecumenical Temple
  3519 | D:6      | Reached skill level 7 in Unarmed Combat
  3525 | D:6      | Noticed Grinder
  3674 | D:6      | Noticed Prince Ribbit
  3677 | D:6      | Killed from afar by Grinder

Levels and vault maps discovered:
D:1:      eino_arrival_cavern_a, layout_rooms
D:2:      layout_loops_cross, uniq_sigmund
D:3:      layout_loops_ring, okawaru_gym_becter, uniq_natasha
D:4:      layout_basic, serial_forest, infiniplex_forest_clump_tiny,
          infiniplex_forest_corner_1, infiniplex_forest_lined_room_2,
          infiniplex_forest_clump_tiny, infiniplex_forest_lined_room_2,
          infiniplex_forest_end_double,
          hangedman_abyss_or_decor_jellyfish_corner, hex_intersection,
          makhleb_altar_promises_db
D:5:      layout_basic, old_standard_altar, first_ration,
          kennysheep_generic_room_13
D:6:      layout_basic, nicolae_overflow_crystal_walls,
          minmay_temple_entry_stoned_glass, uniq_prince_ribbit1, uniq_grinder,
          uniq_duvessa
Temple:   lightli_temple_of_artemis

Skill      XL: |  1  2  3  4  5  6  7  8 |
---------------+-------------------------+-----
Dodging        | 2 3 |  3.9
Unarmed Combat | 4 6 7 |  7.0
Spellcasting   | 3 |  3.8
Fighting       | 2 |  2.8
Transmutations | 3 |  3.6
Ice Magic      | |  0.5
Poison Magic   | |  0.2

Action                   |  1- 3 |  4- 6 |  7- 9 || total
-------------------------+-------+-------+-------++-------
Melee: Unarmed           |   116 |   225 |    92 ||   433
       Kick              |     7 |     4 |       ||    11
       Headbutt          |     5 |     6 |     5 ||    16
       Punch             |     4 |     3 |     4 ||    11
       Tailslap          |     5 |    15 |     7 ||    27
 Cast: Beastly Appendage |    10 |    12 |     3 ||    25
       Spider Form       |     1 |     3 |     1 ||     5
       Ice Form          |       |       |     2 ||     2
Invok: Heroism           |       |       |     2 ||     2
  Use: Scroll            |     7 |     5 |     1 ||    13
 Stab: Sleeping          |       |     3 |       ||     3
  Eat: Ration            |       |     2 |     1 ||     3
Armor: Skin              |    25 |    59 |    19 ||   103
Dodge: Dodged            |    68 |   149 |    50 ||   267

Table legend:
 A = Non-vault XP
 B = Vault XP
 C = Vault XP percentage of total XP
 D = Non-vault monster count
 E = Vault monster count
 F = Vault count percentage of total count
                 A         B        C        D         E       F
            +---------+---------+-------+---------+---------+-------
      Total |     861 |     601 |  41.1 |      95 |       5 |   5.0
            +---------+---------+-------+---------+---------+-------
        D:1 |      53 |       0 |   0.0 |      27 |       0 |   0.0
        D:2 |      67 |     227 |  77.2 |      19 |       1 |   5.0
        D:3 |     110 |      35 |  24.1 |      22 |       1 |   4.3
        D:4 |     154 |       0 |   0.0 |      11 |       0 |   0.0
        D:5 |      92 |     116 |  55.8 |       6 |       1 |  14.3
        D:6 |     385 |     223 |  36.7 |      10 |       2 |  16.7
            +---------+---------+-------+---------+---------+-------
